 Dungeon Crawl Stone Soup version 0.17-a0-2070-g2a5e0a8 (webtiles) character file.

1284 trtt the Ducker (level 8, -2/57 HPs)
             Began as a Human Fire Elementalist on Oct 14, 2015.
             Was a Follower of Nemelex Xobeh.
             Slain by Prince Ribbit (12 damage)
             ... on level 6 of the Dungeon.
             The game lasted 00:29:17 (4771 turns).

trtt the Ducker (Human Fire Elementalist)           Turns: 4771, Time: 00:29:17

Health: -2/57      AC:  2    Str:  9    XL:     8   Next: 85%
Magic:  4/14       EV: 15    Int: 17    God:    Nemelex Xobeh [*.....]
Gold:   229        SH:  0    Dex: 14    Spells: 3 memorised, 9 levels left

rFire  . . .     SeeInvis .     d - +0 spear
rCold  . . .     Clarity  .     h - +0 robe
rNeg   . . .     SustAt   .     (no shield)
rPois  .         Gourm    .     (no helmet)
rElec  .         Spirit   .     (no cloak)
rCorr  .         Warding  .     (no gloves)
rMut   .         Rnd*Tele +     y - +0 pair of boots (curse)
MR     .....                    q - amulet of regeneration
Stlth  ++........               (no ring)
                                m - ring of teleportation (curse)

@: not resistant to hostile enchantments, unstealthy
A: deformed body
a: Renounce Religion, Evoke Teleportation


You were on level 6 of the Dungeon.
You worshipped Nemelex Xobeh.
Nemelex Xobeh was aware of your devotion.
You were not hungry.

You visited 2 branches of the dungeon, and saw 7 of its levels.

You collected 229 gold pieces.

Inventory:

Hand Weapons
 d - a +0 spear (weapon)
 j - a -2 short sword
 r - a +0 hunting sling
 w - a +2 falchion of slicing
 O - a +0 shortbow
Missiles
 e - 219 stones (quivered)
 f - 6 sling bullets
 l - 71 bolts
 n - 5 tomahawks
 E - 118 arrows
Armour
 a - a +0 robe
 h - a +0 robe (worn)
 y - a cursed +0 pair of boots (worn)
 G - a +2 ring mail of positive energy
 L - a +0 helmet
Jewellery
 m - a cursed ring of teleportation (left hand)
 q - an amulet of regeneration (around neck)
Scrolls
 i - 4 scrolls of identify
 k - 4 scrolls of remove curse
 p - 2 scrolls of fog {unknown}
 s - a scroll of enchant weapon {unknown}
 t - 2 scrolls of noise {unknown}
 u - 2 scrolls of teleportation {unknown}
 F - a scroll of magic mapping {unknown}
 H - a scroll of random uselessness {unknown}
Potions
 g - a potion of invisibility {unknown}
 o - a potion of curing
 v - a potion of might {unknown}
 A - a potion of degeneration {unknown}
 B - a potion of cancellation {unknown}
 C - 2 potions of cure mutation {unknown}
 D - a potion of brilliance {unknown}
 I - a potion of lignification {unknown}
 P - 2 potions of flight {unknown}
Books
 b - a book of Flames

   Spells                             Type                      Level
   a - Flame Tongue                   Conjuration/Fire             1
   b - Throw Flame                    Conjuration/Fire             2
   c - Conjure Flame                  Conjuration/Fire             3
   d - Inner Flame                    Hexes/Fire                   3
   e - Sticky Flame                   Conjuration/Fire             4
   f - Fireball                       Conjuration/Fire             5
Miscellaneous
 K - a plain deck of war {drawn: 10}
 M - a plain deck of escape {drawn: 2}
Comestibles
 c - a bread ration
 z - 2 royal jellies
 J - 5 meat rations
 N - a beef jerky


   Skills:
 + Level 2.3 Fighting
 + Level 1.4 Polearms
 + Level 5.6 Dodging
 + Level 2.9 Stealth
 + Level 4.3 Spellcasting
 + Level 3.9 Conjurations
 + Level 5.5 Fire Magic
 + Level 1.3 Evocations


You had 9 spell levels left.
You knew the following spells:

 Your Spells              Type           Power        Failure   Level  Hunger
a - Flame Tongue          Conj/Fire      ###..        2%          1    None
b - Conjure Flame         Conj/Fire      ###.....     10%         3    ###....
c - Throw Flame           Conj/Fire      ###...       3%          2    ##.....


Dungeon Overview and Level Annotations

Branches:
Dungeon (6/15)             Temple (1/1) D:4

Altars:
Ashenzari
Cheibriados
Dithmenos
Elyvilon
Fedhas
Gozag
Kikubaaqudgha
Makhleb
Nemelex Xobeh
Okawaru
Ru
Trog
Vehumet
Yredelemnul
The Shining One

Shops:
D:4 =%

Annotations:
D:6 Prince Ribbit


Innate Abilities, Weirdness & Mutations

Armour fits poorly on your strangely shaped body.


Message History

You hit Prince Ribbit.
Prince Ribbit is moderately wounded.
Prince Ribbit hits you!
Prince Ribbit momentarily phases out as your attack passes through him.
Prince Ribbit is moderately wounded.
Prince Ribbit hits you.
* * * LOW HITPOINT WARNING * * *
Prince Ribbit lets out a mournful croak.
Prince Ribbit hits you!
* * * LOW HITPOINT WARNING * * *
Evoke which item? (* to show all) (? for menu, Esc to quit)
You draw a card...
It is Swap.
You swap places with Prince Ribbit.
Prince Ribbit closely misses you.
Evoke which item? (* to show all) (? for menu, Esc to quit)
You draw a card...
It is the Shaft.
A shaft materialises beneath you! Prince Ribbit barely misses you.
Prince Ribbit barely misses you. Prince Ribbit hits you!
You die...
Your body disappears without a glow.

### #.... #.#.# #
#.#.# # #.#.#.# .#
#.#.#.###.#
#...#.#...
.#.#####.#.#.###.#
..........^.F@...#
.##.####...##.####
....####...##.#
.............>#
...#.###...##.#
#######.###......#
..............####
######.####......
#### #.# #.####


You could see Prince Ribbit.

Vanquished Creatures
  The ghost of yokelz the Changer, a novice NaTm of Cheibriados (D:6)
  A phantom (D:4)
  A giant frog zombie (D:3)
  A giant frog skeleton (D:4)
  Ijyb (D:3)
  A jelly (D:5)
  Jessica (D:3)
  2 hounds (D:6)
  Natasha (twice) (D:2)
  A worker ant (D:4)
  A hound zombie (D:5)
  4 gnolls
  7 adders
  2 oozes
  3 worms
  An orc (D:4)
  5 bats
  7 giant cockroaches
  7 goblins
  4 hobgoblins
  4 jackals (D:1)
  A quokka (D:6)
  A ball python (D:3)
  5 giant newts
  9 kobolds
  8 rats
81 creatures vanquished.

Vanquished Creatures (collateral kills)
  An ice beast (D:5)
  An ogre (D:5)
  2 sky beasts
  A phantom (D:5)
  2 centaurs (D:5)
  A scorpion (D:5)
  An orc priest (D:6)
  A hound (D:5)
  An orc wizard (D:6)
  An orc (D:6)
12 creatures vanquished.

Vanquished Creatures (others)
  A quokka (D:5)
1 creature vanquished.

Grand Total: 94 creatures vanquished

Notes
Turn   | Place    | Note
--------------------------------------------------------------
     0 | D:1      | trtt the Human Fire Elementalist began the quest for the Orb.
     0 | D:1      | Reached XP level 1. HP: 13/13 MP: 3/3
   251 | D:1      | Reached XP level 2. HP: 17/19 MP: 5/5
   840 | D:1      | Reached XP level 3. HP: 22/24 MP: 3/6
  1152 | D:2      | Reached XP level 4. HP: 31/31 MP: 4/7
  1244 | D:2      | Noticed Natasha
  1429 | D:2      | Killed Natasha
  1440 | D:2      | Noticed Natasha
  1486 | D:2      | Killed Natasha
  1486 | D:2      | Reached XP level 5. HP: 24/36 MP: 1/8
  1792 | D:3      | Noticed Jessica
  1796 | D:3      | Killed Jessica
  1807 | D:3      | Found a radiant altar of Vehumet.
  1909 | D:3      | Learned a level 3 spell: Conjure Flame
  1919 | D:3      | Reached skill level 4 in Fire Magic
  1919 | D:3      | Reached XP level 6. HP: 29/42 MP: 2/10
  2119 | D:3      | Noticed Ijyb
  2225 | D:3      | Killed Ijyb
  2225 | D:3      | Reached skill level 1 in Fighting
  2854 | D:4      | Found a staircase to the Ecumenical Temple.
  2866 | Temple   | Entered the Ecumenical Temple
  2888 | Temple   | Became a worshipper of Nemelex Xobeh the Trickster
  3052 | D:4      | Reached XP level 7. HP: 48/48 MP: 8/11
  3062 | D:4      | Found a glowing golden altar of the Shining One.
  3078 | D:4      | Received a gift from Nemelex Xobeh
  3104 | D:4      | Found Hiach's Food Emporium.
  3282 | D:4      | Found Qeamola's Jewellery Shop.
  3403 | D:4      | Noticed a sky beast
  3413 | D:4      | Learned a level 2 spell: Throw Flame
  3475 | D:4      | Killed a sky beast
  3475 | D:4      | Reached skill level 1 in Polearms
  3586 | D:5      | Entered Level 5 of the Dungeon
  3601 | D:5      | Received a gift from Nemelex Xobeh
  3704 | D:5      | Found a white marble altar of Elyvilon.
  3791 | D:5      | Reached * piety under Nemelex Xobeh
  3908 | D:5      | Reached skill level 5 in Fire Magic
  3908 | D:5      | Reached XP level 8. HP: 34/56 MP: 8/13
  4008 | D:5      | Gained mutation: Armour fits poorly on your strangely shaped body. [mutagenic meat]
  4172 | D:5      | Reached skill level 5 in Dodging
  4437 | D:6      | Noticed Prince Ribbit
  4536 | D:6      | Noticed yokelz's ghost (novice NaTm)
  4591 | D:6      | Killed yokelz's ghost
  4591 | D:6      | Reached skill level 1 in Evocations
  4771 | D:6      | Slain by Prince Ribbit

Vault maps used:
D:1:      dpeg_arrival_line_fractal, minmay_bisected
D:2:      uniq_natasha
D:3:      lemuel_doored_altar, uniq_iyjb, uniq_jessica
D:4:      kennysheep_little_box, minmay_temple_entry_poolview, serial_shops,
          shop_fountains, first_bread, kennysheep_windowed_goal
D:5:      elyvilon_altar_4, grunt_ministairs_3
D:6:      kennysheep_mini, uniq_prince_ribbit1
Temple:   circular_temple_pool_12

Action                   |  1- 3 |  4- 6 |  7- 9 || total
-------------------------+-------+-------+-------++-------
Melee: Spear             |    55 |    71 |    91 ||   217
 Cast: Flame Tongue      |    26 |   103 |    20 ||   149
       Conjure Flame     |       |     2 |       ||     2
       Throw Flame       |       |       |    45 ||    45
Evoke: Deck              |       |       |    12 ||    12
  Use: Scroll            |     2 |       |       ||     2
       Potion            |       |     2 |     3 ||     5
  Eat: Chunk             |     1 |     1 |     3 ||     5
       Bread ration      |       |     2 |     1 ||     3
       Pizza             |       |     1 |       ||     1
